 Dungeon Crawl Stone Soup version 0.27.1-2-g3b301248ec (webtiles) character file.

Game seed: 14648063222542675242

134 Elvor the Conjurer (level 4, -4/35 HPs)
             Began as a Draconian Conjurer on Sept 30, 2021.
             Slain by a wyvern zombie (9 damage)
             ... on level 5 of the Dungeon.
             The game lasted 00:20:31 (2351 turns).

Elvor the Conjurer (Draconian Conjurer)             Turns: 2351, Time: 00:20:32

Health: -4/35      AC:  6    Str:  9    XL:     4   Next: 95%
Magic:  1/7        EV: 12    Int: 20    God:
Gold:   74         SH:  0    Dex: 15    Spells: 4/7 levels left

rFire    . . .     SeeInvis .   o - +4 quarterstaff (chaos)
rCold    . . .     Faith    .   (shield currently unavailable)
rNeg     . . .     Spirit   .   (armour unavailable)
rPois    .         Reflect  .   (helmet restricted)
rElec    .         Harm     .   n - +0 cloak
rCorr    .         Rampage  .   (no gloves)
Will     .....                  (no boots)
Stlth    ++........             (no amulet)
HPRegen  0.11/turn              d - +6 ring of dexterity
MPRegen  0.10/turn              (no ring)

@: brilliant
A: AC +5, unfitting armour, cold-blooded
a: no special abilities


You were on level 5 of the Dungeon.
You visited 1 branch of the dungeon, and saw 4 of its levels.

You collected 74 gold pieces.

Inventory:

Hand Weapons
 g - a +0 whip
 o - a +4 quarterstaff of chaos (weapon)
Missiles
 a - 75 stones
 j - 5 silver boomerangs
 l - 5 boomerangs
Armour
 n - a +0 cloak (worn)
Jewellery
 d - a +6 ring of dexterity (left hand)
Scrolls
 b - a scroll of noise {unknown}
 e - a scroll of fear {unknown}
 h - a scroll of silence {unknown}
 k - a scroll of teleportation {unknown}
 m - a scroll of identify {unknown}
Potions
 c - a potion of flight {unknown}
 f - a potion of heal wounds {unknown}
 i - a potion of brilliance


   Skills:
 + Level 1.2 Fighting
 + Level 0.2 Maces & Flails
 + Level 2.4 Dodging
 + Level 2.0 Stealth
 + Level 2.4 Spellcasting
 + Level 5.4 Conjurations


You had 4 spell levels left.
You knew the following spells:

 Your Spells              Type           Power      Damage    Failure   Level
a - Magic Dart            Conj           100%       1d8       1%          1
b - Searing Ray           Conj           72%        3d6       2%          2

Your spell library contained the following spells:

 Spells                   Type           Power      Damage    Failure   Level
 Dazzling Flash           Conj/Hex       38%        N/A       16%         3
 Fulminant Prism          Conj/Hex       9%         3d7       45%         4
 Iskenderun's Mystic Bla  Conj/Tloc      19%        2d6       45%         4
 Agony                    Necr           3%         N/A       99%         5
 Silence                  Hex/Air        1%         N/A       99%         5


Dungeon Overview and Level Annotations

Branches:
Dungeon (3/15)

Altars:


Innate Abilities, Weirdness & Mutations

Your plain brown scales are hard. (AC +5)
You cannot fit into any form of body armour.
You are cold-blooded and may be slowed by cold attacks.


Message History

The wyvern zombie bites you! The wyvern zombie barely misses you.
Things that are here:
a +0 trident; an orc corpse The wyvern zombie barely misses you.
The wyvern zombie bites you. The wyvern zombie closely misses you.
You see here an adder corpse.
The wyvern zombie bites you but does no damage.
It was a potion of brilliance.
You feel clever all of a sudden. The wyvern zombie misses you.
The wyvern zombie closely misses you.
Aiming: Searing Ray (safe; 2% risk of failure)
Press: ? - help, Q - select action, (/) - cycle Shift-Dir - straight line, f/p - wyvern zombie
Aim: a wyvern zombie (moderately damaged, 93% to hit)
You feel a surge of power!
The searing ray misses the wyvern zombie. (Press . to maintain the ray.)
The wyvern zombie misses you.
The searing ray hits the wyvern zombie!
The wyvern zombie is moderately damaged.
The wyvern zombie closely misses you.
Without enough magic to sustain it, your searing ray dissipates.
The wyvern zombie barely misses you. x2
You hit the wyvern zombie.
You tail-slap the wyvern zombie, but do no damage.
The wyvern zombie is heavily damaged.
The wyvern zombie bites you.
You hit the wyvern zombie but do no damage.
The wyvern zombie flickers and vanishes!
Deactivating autopickup; reactivate with Ctrl-A.
Something bites you!
* * * LOW HITPOINT WARNING * * *
Something bites you.
* * * LOW HITPOINT WARNING * * *
Something bites you.
* * * LOW HITPOINT WARNING * * *
You barely miss something. Something bites you!
You die...

####### #.. ..#
####.# #.#
##.##.###.#########
##.#.#.#....@.......
##.###..#.#.########.
#.## ##...#.#
#..###......#
#.#.#.#.#.###
#.##....#.#
#.##.##.#.#
#.......#.#
####......#


There were no monsters in sight!

Vanquished Creatures
  Crazy Yiuf (D:2)
  5 adders
  3 dart slugs
  2 orcs
  7 ball pythons
  5 endoplasms
  2 hobgoblins (D:2)
  6 jackals
  3 kobolds
  2 quokkas
  5 bats
  5 frilled lizards
  4 goblins
  A rat (D:1)
  A spectral goblin (D:1)
52 creatures vanquished.

Vanquished Creatures (others)
  5 toadstools (D:1)
5 creatures vanquished.

Grand Total: 57 creatures vanquished

Notes
Turn   | Place    | Note
-------+----------+-------------------------------------------
     0 | D:1      | Elvor the Draconian Conjurer began the quest for the Orb.
     0 | D:1      | Reached XP level 1. HP: 14/14 MP: 3/3
   743 | D:1      | Reached XP level 2. HP: 9/20 MP: 5/5
   746 | D:1      | Learned a level 2 spell: Searing Ray
  1034 | D:1      | Found a faded altar of an unknown god.
  1247 | D:2      | Reached XP level 3. HP: 26/26 MP: 0/6
  1595 | D:2      | Reached skill level 1 in Fighting
  1595 | D:2      | Reached skill level 5 in Conjurations
  1608 | D:2      | Reached XP level 4. HP: 14/35 MP: 0/7
  1755 | D:2      | Found a runed translucent door.
  1756 | D:2      | Noticed Crazy Yiuf
  1798 | D:2      | Killed Crazy Yiuf
  2276 | D:3      | You fall into a shaft and drop 2 floors!
  2276 | D:5      | Entered Level 5 of the Dungeon
  2351 | D:5      | Slain by a wyvern zombie

Illustrated notes

Levels and vault maps discovered:
D:1:      ldierk_walled_garden, layout_loops_ring,
          dreamdust_ecumenical_altar_drowned_temple, nrook_mini_vaults
D:2:      layout_loops_ring, kennysheep_small_spiral,
          kennysheep_generic_room_12, uniq_crazy_yiuf_cottage
D:3:      layout_basic, corexii_shack
D:5:      layout_loops_cross, nicolae_yredelemnul_corpse_copse,
          mainiacjoe_overflow_alcove_2, minmay_temple_entry_grid

Skill      XL: |  1  2  3  4 |
---------------+-------------+-----
Dodging        | 2 |  2.4
Fighting       | 1 |  1.2
Conjurations   | 5 |  5.4
Stealth        | 2 |  2.0
Maces & Flails | |  0.2
Spellcasting   | |  2.4

Action                   |  1- 3 |  4- 6 || total
-------------------------+-------+-------++-------
Melee: Club              |    36 |       ||    36
       Unarmed           |    12 |       ||    12
       Tailslap          |     8 |     1 ||     9
       Whip              |    17 |     8 ||    25
       Quarterstaff      |       |     5 ||     5
 Cast: Magic Dart        |    27 |    23 ||    50
       Searing Ray       |     8 |     5 ||    13
  Use: Potion            |       |     1 ||     1
 Stab: Sleeping          |     1 |     1 ||     2
Armor: Skin              |    16 |     5 ||    21
Dodge: Dodged            |    54 |    17 ||    71
